 Dungeon Sprint DCSS version bcrawl-1.23.3 (webtiles) character file.

Game seed: 8900381521286438989

32614 MordorOrchid the Peltast (level 13, -9/109 HPs)
             Began as a Fairy Fire Elementalist on June 4, 2020.
             Was an Initiate of Gozag.
             Killed by divine providence
             ... invoked by a greater mummy
              (10 damage)
             ... in the Dungeon (Sprint V: "Ziggurat Sprint").
             The game lasted 00:38:37 (1444 turns).

MordorOrchid the Peltast (Fairy Fire Elementalist)  Turns: 1444, Time: 00:38:38

Health: -9/109     AC: 31    Str:  6    XL:     13   Next: 65%
Magic:  34/34      EV: 16    Int: 40    God:    Gozag
Gold:   4619       SH: 39    Dex: 11    Spells: 3/43 levels left

rFire    . . .     SeeInvis .   j - +5 rapier "Ybbifeh" {venom, rC- Int+8}
rCold    x . .     Gourm    .   u - +18 shield of the Gong {rElec rN+ MR+ EV-5}
rNeg     + + .     Faith    .   (armour unavailable)
rPois    ∞         Spirit   .   (no helmet)
rElec    +         Reflect  .   (no cloak)
rCorr    .         Harm     .   (gloves currently unavailable)
MR       +++..     NoTele   +   (boots currently unavailable)
Stlth    +.........             (no amulet)
HPRegen  0.28/turn              z - ring of wizardry
MPRegen  0.24/turn              K - ring of Greater Demons {+Blink +Fly MR+ Int+8 Dex-2}

@: statue-form, berserk cooldown, flying evasively, slowed, very slow
A: small, magic attunement, unstealthy, unfitting armour, able to fly, AC/SH +7
a: Stop Flying, End Transformation, Potion Petition, Call Merchant, Bribe
Branch, Renounce Religion, Evoke Blink


You were in the Dungeon.
You worshipped Gozag.
Gozag was most pleased with you.
You were not hungry.
You were a stone statue.
You visited 1 branch You collected 5639 gold pieces.
You paid 1020 gold pieces to Gozag.

Inventory:

Hand Weapons
 j - the +5 rapier "Ybbifeh" (weapon) {venom, rC- Int+8}
   (You found it in the Dungeon)

   It poisons the flesh of those it strikes.
   It affects your intelligence (+8).
   It makes you vulnerable to cold.
 l - the +8 spear "Killer Bee's Bane" {pierce, rPois rC+}
   (You found it in the Dungeon)

   It inflicts extra damage upon your enemies.
   It protects you from cold.
   It protects you from poison.
 r - the +11 long sword of Cowardice {pain, rN+ SInv}
   (You found it in the Dungeon)

   In the hands of one skilled in necromantic magic, it inflicts extra damage on
   living creatures.
   It protects you from negative energy.
   It lets you see invisible.
 G - a +9 quick blade of piercing
 I - the +2 war axe of Sudden Death {chop, rC- rN+++ Str-3 Int+5}
   (You found it in the Dungeon)

   It inflicts extra damage upon your enemies.
   It affects your strength (-3).
   It affects your intelligence (+5).
   It makes you vulnerable to cold.
   It renders you almost immune to negative energy.
 M - a +3 blowgun
 S - the +2 spear "Etiuhoqa" {drain, rF- Str+4 Int+8 SInv}
   (You found it in the Dungeon)

   A truly terrible weapon, it drains the life of those it strikes.
   It affects your strength (+4).
   It affects your intelligence (+8).
   It makes you vulnerable to fire.
   It lets you see invisible.
Missiles
 b - 40 stones (quivered)
 F - 1553 arrows
Armour
 u - the +18 shield of the Gong (worn) {rElec rN+ MR+ EV-5}
   (You found it in the Dungeon)

   It affects your evasion (-5).
   It insulates you from electricity.
   It protects you from negative energy.
   It affects your resistance to hostile enchantments.
 T - the +2 pair of boots of Trog's Pride (melded) {Int+3}
   (You found it in the Dungeon)

   It affects your intelligence (+3).
Magical Staves
 L - an uncursed staff of earth
Jewellery
 s - the ring "Zoitua Gadgha" {+Fly SInv}
   (You found it in the Dungeon)

   [ring of flight]

   It lets you see invisible.
   It lets you fly.
 w - a +6 ring of intelligence
 y - a +6 ring of strength
 z - a ring of wizardry (left hand)
 H - the ring of Labi {*Slow MR+ Dex+7}
   (You found it in the Dungeon)

   [ring of protection from magic]

   It affects your dexterity (+7).
   It affects your resistance to hostile enchantments.
   It may slow you when you take damage.
 J - an uncursed ring of fire
 K - the ring of Greater Demons (right hand) {+Blink +Fly MR+ Int+8 Dex-2}
   (You found it in the Dungeon)

   [ring of protection from magic]

   It affects your intelligence (+8).
   It affects your dexterity (-2).
   It affects your resistance to hostile enchantments.
   It lets you fly.
   It lets you blink.
 N - the ring of Wadghadghae {rPois rF++ Str+5 Slay+4}
   (You found it in the Dungeon)

   [ring of slaying]

   It affects your strength (+5).
   It affects your accuracy and damage with ranged weapons and melee attacks
   (+4).
   It greatly protects you from fire.
   It protects you from poison.
 P - an uncursed ring of protection from cold
 U - the ring "Porgheopt" {rF+ Dex+3}
   (You found it in the Dungeon)

   [ring of protection from fire]

   It affects your dexterity (+3).
   It protects you from fire.
Wands
 o - a wand of disintegration (7)
 p - a wand of iceblast (6)
 q - a wand of acid (4)
Scrolls
 i - 4 scrolls of blinking
 A - 4 scrolls of amnesia
 B - 2 scrolls of fear
 C - 8 scrolls of fog
 D - 5 scrolls of identify
 E - 4 scrolls of remove curse
 R - 4 scrolls of enchant armour
Potions
 a - 2 potions of brilliance
 c - 17 potions of heal wounds
 d - 10 potions of curing
 f - 2 potions of haste
 g - 7 potions of magic
 h - a potion of berserk rage
 k - 4 potions of resistance
 n - 2 potions of might
Miscellaneous
 m - a box of beasts
 t - a lightning rod (4/4)
 x - a lamp of fire
 Q - 2 phantom mirrors
 V - 2 sacks of spiders
Comestibles
 e - 7 rations {!d}


   Skills:
 * Level 6.5 Fighting
 * Level 14.4 Dodging
 - Level 1.5 Stealth
 * Level 18.0 Shields
 * Level 15.5 Spellcasting
 * Level 15.3 Conjurations
 - Level 3.1 Hexes
 * Level 6.7 Summonings
 - Level 2.0 Translocations
 * Level 10.6 Transmutations
 * Level 17.7 Fire Magic
 * Level 6.0 Air Magic
 * Level 11.5 Earth Magic
 * Level 7.1 Evocations


You had 3 spell levels left.
You knew the following spells:

 Your Spells              Type           Power        Failure   Level  Hunger
a - Flame Tongue          Conj/Fire      #####        0%          1    None
c - Conjure Flame         Conj/Fire      ########     0%          3    None
e - Sticky Flame          Conj/Fire      ########     1%          4    None
f - Fireball              Conj/Fire      ########..   1%          5    None
g - Mephitic Cloud        Conj/Pois/Air  ######..     1%          3    None
j - Summon Lightning Spi  Summ/Air       ######..     4%          5    None
s - Spellforged Servitor  Conj/Summ      #######...   19%         7    None
x - Blink                 Tloc           N/A          1%          2    None
y - Tree Form             Hex/Tmut       N/A          1%          4    None
Y - Statue Form           Tmut/Erth      #######..    3%          6    None

Your spell library contained the following spells:

 Spells                   Type           Power        Failure   Level  Hunger
 Magic Dart               Conj           ####         0%          1    None
 Apportation              Tloc           #####.       1%          1    None
 Beastly Appendage        Tmut           ######       1%          1    None
 Corona                   Hex            ######.      1%          1    None
 Shock                    Conj/Air       #####        1%          1    None
 Summon Butterflies       Summ           ######..     1%          1    None
 Summon Small Mammal      Summ           ####         1%          1    None
 Call Imp                 Summ           ######       1%          2    None
 Ensorcelled Hibernation  Hex/Ice        #####.       1%          2    None
 Flaming Arrows           Chrm/Fire      #######.     1%          2    None
 Sticks to Snakes         Tmut           #######.     1%          2    None
 Swiftness                Chrm/Air       ######..     1%          2    None
 Throw Frost              Conj/Ice       ######       1%          2    None
 Call Canine Familiar     Summ           ######..     1%          3    None
 Confuse                  Hex            ######..     1%          3    None
 Dazzling Spray           Conj/Hex       ######       1%          3    None
 Inner Flame              Hex/Fire       N/A          1%          3    None
 Recall                   Summ/Tloc      N/A          1%          3    None
 Spider Form              Tmut/Pois      ###          1%          3    None
 Static Discharge         Air            ######..     1%          3    None
 Tukima's Dance           Hex            ######..     1%          3    None
 Freeze                   Ice            ####..       2%          1    None
 Infusion                 Chrm           ####....     2%          1    None
 Beckoning                Tloc           #####.....   2%          3    None
 Song of Slaying          Chrm           ####....     3%          2    None
 Spectral Weapon          Hex/Chrm       #####...     3%          3    None
 Ozocubu's Armour         Chrm/Ice       ####....     6%          3    None
 Regeneration             Chrm/Necr      ####......   6%          3    None
 Throw Icicle             Conj/Ice       #######.     1%          4    None
 Blade Hands              Tmut           #######...   1%          5    None
 Iron Shot                Conj/Erth      #######...   1%          6    None
 Ice Form                 Ice/Tmut       ######..     2%          4    None
 Iskenderun's Battlesphe  Conj/Chrm      #######.     2%          5    None
 Orb of Destruction       Conj           ########..   3%          7    None
 Aura of Abjuration       Summ           ######....   4%          5    None
 Summon Demon             Summ           ######....   4%          5    None
 Summon Ice Beast         Ice/Summ       ######..     5%          4    None
 Summon Mana Viper        Hex/Summ       ######..     9%          5    None
 Summon Forest            Summ/Tloc      ######....   10%         5    None
 Poison Arrow             Conj/Pois      #######...   14%         6    None
 Shadow Creatures         Summ           N/A          21%         6    None
 Dragon Form              Tmut           #######      22%         7    None
 Infestation              Hex/Tmut/Pois  ######...    43%         6    None
 Icicle Burst             Conj/Ice       #######...   58%         7    None
 Invisibility             Hex            ######..     63%         6    None
 Freezing Cloud           Ice/Air        ######....   65%         6    None
 Discord                  Hex            ######....   100%        8    None
 Necromutation            Tmut/Necr      ######..     100%        8    None
 Tornado                  Air            ######....   100%        9    None


Dungeon Overview and Level Annotations

Branches:
Dungeon (1/1)

Altars:
Ashenzari
Cheibriados
Dithmenos
Elyvilon
Fedhas
Gozag
Hepliaklqana
Kikubaaqudgha
Lugonu
Makhleb
Nemelex Xobeh
Okawaru
Qazlal
Ru
Sif Muna
Trog
Uskayaw
Vehumet
Wu Jian
Xom
Yredelemnul
Zin
The Shining One
Beogh
Jiyva


Innate Abilities, Weirdness & Mutations

Your spells do not cause hunger and MP costs are reduced by 1.
Your bright wings attract enemies. (Stealth-)
You cannot fit into any form of body armour.
((Your shimmering scales are hard and can block incoming attacks. (AC +7, SH +7)))
You are small and have problems with some larger weapons.
You can fly continuously.


Message History

You block the flying skull's attack.
BONNNG!
The greater mummy hits you!
* * * LOW HITPOINT WARNING * * *
You block the red devil's attack.
PTOANNNG!
The ushabti shakes and rattles deafeningly!
You block the mummy's attack.
GONNNNG!
You block the flying skull's attack.
GONNNNG!
The red devil closely misses you.
The greater mummy gestures wildly while chanting.
The red devil misses you.
The mummy priest mumbles some strange prayers to its god.
The mummy hits you but does no damage. The flying skull completely misses you.
The greater mummy gestures at you while chanting.
Something smites you!
You die...
Your body crumbles into a pile of gold.

▓..|MMMM) ▓...
▓.......M. ▓...
▓......... ▓...
▓MZZ..........▓..▓
▓WnMn.........▓.▓▓
▓MMM.Z3.......▓..▓
▓MM▓MW.....▓..▓...
▓z▓8▓.W...▓.▓ ▓▓▓▓
▓8M▓.......▓..▓...
▓4M4W.........▓..=
▓4MMz..©......▓...
▓▓▓▓▓▓▓▓▓▓▓▓▓▓▓...
▓... ▓... ▓...
▓... ▓..▓


You could see a greater mummy, 3 mummy priests, a guardian mummy, an ushabti, a
freezing wraith, a spectral bat, a hungry ghost, a ynoxinul, a chaos spawn, a
wraith, 2 red devils, 2 necrophages, 2 flying skulls, 7 mummies, a ball python
skeleton and a quokka skeleton.

Vanquished Creatures
  A bone dragon (D)
  An Ice Fiend (D)
  A nagaraja (D)
  A deep elf demonologist (D)
  2 merfolk javelineers (D)
  2 merfolk impalers (D)
  A death ooze (D)
  An ice dragon (D)
  2 anacondas (D)
  An alligator snapping turtle (D)
  A satyr (D)
  2 two-headed ogres (D)
  2 thrashing horrors (D)
  A skeletal warrior (D)
  A glowing orange brain (D)
  A deep elf archer (D)
  A harpy (D)
  2 cyclopes (D)
  2 manticores (D)
  2 shining eyes (D)
  A deep elf mage (D)
  2 black mambas (D)
  2 eyes of devastation (D)
  A naga mage (D)
  3 guardian serpents (D)
  A water nymph (D)
  A merfolk siren (D)
  An ice devil (D)
  A komodo dragon (D)
  4 freezing wraiths (D)
  2 trolls (D)
  3 merfolk (D)
  2 slime creatures (D)
  A snapping turtle (D)
  4 hippogriffs (D)
  An air elemental (D)
  A flying skull (D)
  A water elemental (D)
  A yak (D)
  A golden eye (D)
  A wraith (D)
  A basilisk (D)
  2 large abominations (D)
  5 nagas (D)
  A crocodile (D)
  A hell hound (D)
  2 water moccasins (D)
  2 ice beasts (D)
  A phantom (D)
  A necrophage (D)
  2 small abominations (D)
  2 centaurs (D)
  A wolf (D)
  A bullfrog (D)
  2 wights (D)
  2 crimson imps (D)
  2 jellies (D)
  3 quasits (D)
  A mummy (D)
  A river rat (D)
  2 adders (D)
  3 shadow imps (D)
  5 white imps (D)
  An ufetubus (D)
  2 oozes (D)
  4 bat skeletons (D)
  5 bat zombies (D)
  A jackal (D)
  A ball python (D)
  A giant cockroach zombie (D)
  3 jackal zombies (D)
  3 quokka zombies (D)
127 creatures vanquished.

Vanquished Creatures (collateral kills)
  A great orb of eyes (D)
  A deep elf knight (D)
  A water moccasin (D)
  2 iron imps (D)
5 creatures vanquished.

Vanquished Creatures (others)
  Pikel (D)
  Maurice (D)
  Grum (D)
  Menkaure (D)
  Duvessa (D)
  Crazy Yiuf (D)
  Ijyb (D)
  Terence (D)
8 creatures vanquished.

Grand Total: 140 creatures vanquished

Notes
Turn   | Place    | Note
-------+----------+-------------------------------------------
     0 | D        | MordorOrchid the Fairy Fire Elementalist began the quest
                  | for the Orb.
     0 | D        | Reached XP level 1. HP: 11/11 MP: 6/6
     0 | D        | Found a shimmering blue altar of Sif Muna.
     0 | D        | Found a sacrificial altar of Ru.
     0 | D        | Found a bloodstained altar of Trog.
     0 | D        | Found a stormy altar of Qazlal.
     0 | D        | Found an iron altar of Okawaru.
     0 | D        | Found a sparkling altar of Nemelex Xobeh.
     0 | D        | Found a blossoming altar of Fedhas.
     1 | D        | Found the +6 Majin-Bo {vamp, *Drain Str+12 Int+24}
     1 | D        | Found the +7 great mace "Firestarter" {inner flame, rF++}
     6 | D        | Found a corrupted altar of Lugonu.
     6 | D        | Found an ancient bone altar of Kikubaaqudgha.
     6 | D        | Found a burning altar of Makhleb.
     6 | D        | Found a transporter.
     6 | D        | Found a viscous altar of Jiyva.
     6 | D        | Found a hazy altar of Hepliaklqana.
     7 | D        | Killed Ijyb
     7 | D        | Killed Grum
     9 | D        | Got the ring "Zoitua Gadgha" {+Fly SInv}
    20 | D        | Found the +9 heavy crossbow "Sniper" {velocity, Acc+∞ SInv}
    20 | D        | Found the +10 dark maul {crush}
    20 | D        | Found the +15 Maxwell's patent armour {-Cast -Tele rElec
                  | MR+ rCorr}
    20 | D        | Found the +18 shield of the Gong {rElec rN+ MR+ EV-5}
    20 | D        | Found the cursed +14 obsidian axe {chop, +Fly SInv *Curse}
    22 | D        | Found the +6 shillelagh "Devastator" {shatter}
    22 | D        | Found the +11 plutonium sword {*Contam Stlth-}
    22 | D        | Found the +8 lance "Wyrmbane" {slay drac, rPois rF+ rC+
                  | AC+3}
    22 | D        | Found the +9 sword of Zonguldrok {reap}
    22 | D        | Found the cursed +13 scythe of Curses {drain, *Curse}
    22 | D        | Found the +0 sword of Power
    22 | D        | Found the +7 mace of Variability {chain chaos}
    22 | D        | Found the +7 Singing Sword {slice}
    22 | D        | Found the +7 longbow "Piercer" {penet, EV-2}
    25 | D        | Found an opulent altar of Gozag.
    35 | D        | Killed Pikel
    78 | D        | Became a worshipper of Gozag Ym Sagoz the Greedy
    86 | D        | Reached skill level 8 in Shields
    86 | D        | Reached XP level 2. HP: 17/17 MP: 7/7
    92 | D        | Entered arena 2.
    92 | D        | Noticed a naga
    92 | D        | Found a transporter.
    95 | D        | Killed a naga
    95 | D        | Reached skill level 5 in Dodging
    95 | D        | Reached skill level 9 in Shields
    95 | D        | Reached XP level 3. HP: 26/26 MP: 9/9
    95 | D        | Reached XP level 4. HP: 31/31 MP: 10/10
    95 | D        | Reached XP level 5. HP: 36/36 MP: 11/11
   102 | D        | Entered arena 3.
   102 | D        | Found a transporter.
   106 | D        | Reached skill level 10 in Shields
   109 | D        | Reached skill level 5 in Evocations
   115 | D        | Got the +8 spear "Killer Bee's Bane" {pierce, rPois rC+}
   117 | D        | Entered arena 4.
   117 | D        | Noticed a hell hound
   117 | D        | Found a transporter.
   120 | D        | Killed a hell hound
   120 | D        | Reached skill level 5 in Fighting
   120 | D        | Reached skill level 11 in Shields
   120 | D        | Reached XP level 6. HP: 45/45 MP: 12/12
   136 | D        | Got the ring of Labi {*Slow MR+ Dex+7}
   143 | D        | Learned a level 5 spell: Fireball
   148 | D        | Learned a level 4 spell: Sticky Flame
   153 | D        | Entered arena 5.
   153 | D        | Found a transporter.
   160 | D        | Reached skill level 5 in Fire Magic
   161 | D        | Reached skill level 12 in Shields
   161 | D        | Reached XP level 7. HP: 35/50 MP: 12/14
   161 | D        | Killed Maurice
   170 | D        | Entered arena 6.
   170 | D        | Noticed an air elemental
   170 | D        | Noticed a deep elf demonologist
   170 | D        | Noticed a deep elf archer
   170 | D        | Noticed a deep elf knight
   170 | D        | Noticed a deep elf mage
   170 | D        | Found a transporter.
   171 | D        | Found the +6 demon blade "Bloodbane" {slice, *Tele *Drain
                  | +Rage Str+6}
   174 | D        | Killed an air elemental
   176 | D        | Noticed a sixfirhy
   176 | D        | Noticed a green death
   176 | D        | Killed a deep elf mage
   176 | D        | Reached skill level 5 in Spellcasting
   176 | D        | Reached XP level 8. HP: 41/55 MP: 13/18
   178 | D        | Killed a deep elf archer
   178 | D        | Reached skill level 13 in Shields
   178 | D        | Killed a deep elf knight
   178 | D        | Reached XP level 9. HP: 46/61 MP: 14/22
   179 | D        | Noticed a smoke demon
   180 | D        | Killed a deep elf demonologist
   180 | D        | Reached skill level 14 in Shields
   196 | D        | Entered arena 7.
   196 | D        | Noticed a naga mage
   197 | D        | Found a transporter.
   204 | D        | Killed a naga mage
   204 | D        | Reached skill level 10 in Conjurations
   204 | D        | Reached XP level 10. HP: 26/66 MP: 17/24
   228 | D        | Learned a level 6 spell: Statue Form
   229 | D        | Got the +5 rapier "Ybbifeh" {venom, rC- Int+8}
   231 | D        | Got the +2 war axe of Sudden Death {chop, rC- rN+++ Str-3
                  | Int+5}
   310 | D        | Killed Terence
   375 | D        | Killed Crazy Yiuf
   390 | D        | Entered arena 8.
   390 | D        | Noticed a two-headed ogre
   390 | D        | Noticed a two-headed ogre
   390 | D        | Noticed a cyclops
   390 | D        | Noticed a cyclops
   392 | D        | Reached skill level 15 in Shields
   392 | D        | Reached skill level 1 in Transmutations
   392 | D        | Reached skill level 1 in Earth Magic
   392 | D        | Killed a cyclops
   393 | D        | Killed a two-headed ogre
   393 | D        | Reached skill level 10 in Spellcasting
   394 | D        | Killed a two-headed ogre
   394 | D        | Reached skill level 10 in Dodging
   394 | D        | Reached skill level 5 in Earth Magic
   396 | D        | Killed a cyclops
   396 | D        | Reached skill level 5 in Transmutations
   397 | D        | Found a transporter.
   408 | D        | Got the ring of Greater Demons {+Blink +Fly MR+ Int+8
                  | Dex-2}
   415 | D        | Got the +11 long sword of Cowardice {pain, rN+ SInv}
   482 | D        | Entered arena 9.
   486 | D        | Reached XP level 11. HP: 72/72 MP: 10/27
   487 | D        | Found a transporter.
   519 | D        | Learned a level 4 spell: Tree Form
   546 | D        | Entered arena 10.
   547 | D        | Found the +5 pair of quick blades "Gyre" and "Gimble"
                  | {pierce}
   547 | D        | Reached skill level 16 in Shields
   548 | D        | Reached skill level 1 in Hexes
   554 | D        | Found a transporter.
   578 | D        | Got the +11 trident of Zissip {drain, rElec}
   590 | D        | Learned a level 3 spell: Conjure Flame
   594 | D        | Learned a level 3 spell: Mephitic Cloud
   612 | D        | Entered arena 11.
   613 | D        | Identified the +12 flail of Noon {freeze, Str+5 Dex+2
                  | Stlth-}
   618 | D        | Found a transporter.
   636 | D        | Got the ring of Wadghadghae {rPois rF++ Str+5 Slay+4}
   652 | D        | Learned a level 5 spell: Summon Lightning Spire
   684 | D        | Entered arena 12.
   684 | D        | Noticed an ice dragon
   684 | D        | Noticed a skeletal warrior
   688 | D        | Killed an ice dragon
   688 | D        | Reached skill level 1 in Summonings
   688 | D        | Reached skill level 1 in Air Magic
   688 | D        | Killed Menkaure
   690 | D        | Reached skill level 15 in Fire Magic
   691 | D        | Killed a skeletal warrior
   693 | D        | Found a transporter.
   779 | D        | Entered arena 13.
   782 | D        | Noticed an Ice Fiend
   789 | D        | Killed an Ice Fiend
   789 | D        | Reached XP level 12. HP: 79/79 MP: 2/30
   808 | D        | Found a transporter.
   820 | D        | Got the Handbook of Flight
   824 | D        | Got the Volume of the Oath and Snow
   831 | D        | Learned a level 2 spell: Blink
   856 | D        | Killed Duvessa
   873 | D        | Entered arena 14.
   875 | D        | Noticed an anaconda
   875 | D        | Identified the ring "Cyxkaim" {*Drain rElec rF+ Str+4
                  | Dex+2}
   877 | D        | Noticed an anaconda
   877 | D        | Reached skill level 1 in Translocations
   877 | D        | Noticed a nagaraja
   878 | D        | Killed an anaconda
   882 | D        | Reached skill level 5 in Summonings
   887 | D        | Killed an anaconda
   889 | D        | Reached skill level 10 in Earth Magic
   907 | D        | Killed a nagaraja
   907 | D        | Reached skill level 17 in Shields
   914 | D        | Found a transporter.
   938 | D        | Got the +2 spear "Etiuhoqa" {drain, rF- Str+4 Int+8 SInv}
   940 | D        | Got the +2 pair of boots of Trog's Pride {Int+3}
  1013 | D        | Entered arena 15.
  1014 | D        | Noticed a death ooze
  1015 | D        | Killed a death ooze
  1055 | D        | Found a transporter.
  1080 | D        | Got the ring "Porgheopt" {rF+ Dex+3}
  1169 | D        | Entered arena 16.
  1175 | D        | Noticed a merfolk impaler
  1175 | D        | Noticed a merfolk impaler
  1175 | D        | Noticed an alligator snapping turtle
  1175 | D        | Noticed a satyr
  1175 | D        | Noticed a merfolk javelineer
  1175 | D        | Noticed a merfolk javelineer
  1177 | D        | Killed a satyr
  1177 | D        | Reached XP level 13. HP: 82/83 MP: 23/33
  1179 | D        | Killed a merfolk impaler
  1180 | D        | Reached skill level 10 in Transmutations
  1180 | D        | Reached skill level 5 in Air Magic
  1180 | D        | Killed a merfolk javelineer
  1188 | D        | Killed a merfolk impaler
  1190 | D        | Killed a merfolk javelineer
  1199 | D        | Reached skill level 15 in Spellcasting
  1205 | D        | Reached skill level 15 in Conjurations
  1210 | D        | Found a transporter.
  1236 | D        | Got Xesas's Incunabulum of Fetching Enhancements
  1258 | D        | Learned a level 7 spell: Spellforged Servitor
  1288 | D        | Entered arena 17.
  1295 | D        | Noticed a great orb of eyes
  1295 | D        | Noticed a bone dragon
  1313 | D        | Killed a great orb of eyes
  1343 | D        | Killed a bone dragon
  1343 | D        | Reached skill level 18 in Shields
  1361 | D        | Found a transporter.
  1413 | D        | Entered arena 18.
  1421 | D        | Identified the +9 ice dragon scales "Ynadept" {+Blink rF-
                  | rC++ Int+3}
  1421 | D        | Noticed a mummy priest
  1422 | D        | Identified the cursed +1 robe of Vehumet's Approval {rN+
                  | Str+4 Dex-5}
  1422 | D        | Noticed a greater mummy
  1422 | D        | Noticed a mummy priest
  1422 | D        | Noticed a mummy priest
  1444 | D        | HP: 1/109 [greater mummy (16)]
  1444 | D        | Killed from afar by a greater mummy

Skill      XL: |  1  2  3  4  5  6  7  8  9 10 11 12 13 |
---------------+----------------------------------------+-----
Shields        | 8 9 11 12 13 14 15 16 17 18 | 18.0
Fighting       | 3 5 6 |  6.5
Dodging        | 5 6 10 12 14 | 14.4
Evocations     | 3 6 7 |  7.1
Spellcasting   | 3 5 7 8 10 12 14 15 | 15.5
Conjurations   | 3 6 8 10 11 14 15 | 15.3
Fire Magic     | 6 9 12 14 16 17 | 17.7
Transmutations | 5 7 9 10 | 10.6
Earth Magic    | 6 9 10 11 | 11.5
Hexes          | 3 |  3.1
Summonings     | 3 5 6 |  6.7
Air Magic      | 4 6 |  6.0
Translocations | 2 |  2.0
Stealth        | |  1.5

Action                   |  1- 3 |  4- 6 |  7- 9 | 10-12 | 13-15 || total
-------------------------+-------+-------+-------+-------+-------++-------
Melee: Broad axe         |     1 |    12 |    12 |     2 |       ||    27
       Rapier            |       |       |       |       |    25 ||    25
 Cast: Fireball          |       |       |       |    47 |    16 ||    63
       Flame Tongue      |       |       |       |    52 |    34 ||    86
       Tree Form         |       |       |       |     1 |       ||     1
       Sticky Flame      |       |       |       |     4 |     6 ||    10
       Statue Form       |       |       |       |     1 |     1 ||     2
       Summon Lightning  |       |       |       |       |     5 ||     5
       Conjure Flame     |       |       |       |       |     1 ||     1
Invok: Potion Petition   |       |       |       |     1 |     3 ||     4
 Abil: End Transformatio |       |       |       |     1 |       ||     1
Evoke: Wand              |       |       |       |     2 |     2 ||     4
       Lightning rod     |       |       |       |       |     4 ||     4
       Lamp of fire      |       |       |       |       |     1 ||     1
  Use: Potion            |     5 |     4 |     2 |     8 |     1 ||    20
       Scroll            |       |       |       |     6 |     1 ||     7
 Stab: Invisible         |       |     3 |       |     1 |       ||     4
       Sleeping          |       |       |     2 |       |       ||     2
  Eat: Ration            |       |       |       |     1 |       ||     1
Armor: Skin              |       |     2 |     1 |       |    23 ||    26
Dodge: Dodged            |       |    17 |    17 |     6 |    45 ||    85
Block: Other             |       |     4 |     6 |     1 |       ||    11
       Medium shield     |       |       |       |    18 |   190 ||   208
